 Dungeon Crawl Stone Soup version 0.21-a0-460-g737a915 (webtiles) character file.

18656 Laiders the Bludgeoner (level 12, -24/160 HPs)
             Began as a Minotaur Berserker on Nov 20, 2017.
             Was a High Priest of Trog.
             Annihilated by a white ugly thing (48 damage)
             ... on level 11 of the Dungeon.
             The game lasted 00:30:55 (11622 turns).

Laiders the Bludgeoner (Minotaur Berserker)        Turns: 11622, Time: 00:30:55

Health: -24/160    AC: 17    Str: 32    XL:     12   Next: 29%
Magic:  12/12      EV: 12    Int:  4    God:    Trog [*****.]
Gold:   503        SH:  0    Dex: 10    Spells: 11/11 levels left

rFire    + . .     SeeInvis .   C - +2 dire flail
rCold    x . .     Gourm    .   (shield currently unavailable)
rNeg     . . .     Faith    .   y - +1 plate armour
rPois    .         Spirit   .   (helmet restricted)
rElec    .         Reflect  .   r - scarf {repulsion}
rCorr    +         Harm     .   (no gloves)
MR       ++...                  s - +0 pair of boots
Stlth    ..........             (no amulet)
HPRegen  1.36/turn              n - ring of resist corrosion
MPRegen  0.13/turn              b - ring of fire

@: berserking, regenerating, repel missiles, very quick
A: retaliatory headbutt, horns 2
a: Berserk, Trog's Hand, Brothers in Arms, Burn Spellbooks, Renounce Religion


You were on level 11 of the Dungeon.
You worshipped Trog.
Trog was extremely pleased with you.
You were very hungry.

You visited 1 branch of the dungeon, and saw 11 of its levels.
You also visited: Bailey.

You collected 626 gold pieces.
You spent 123 gold pieces at shops.

Inventory:

Hand Weapons
 C - a +2 dire flail (weapon)
Missiles
 f - 8 tomahawks (quivered)
Armour
 j - a +2 leather armour of poison resistance
 r - a scarf of repulsion (worn)
 s - a +0 pair of boots (worn)
 y - a +1 plate armour (worn)
 D - the +2 ring mail of Calculation {-Tele rC+ MR+++ Str+3}
   (You found it in a bailey)

   It affects your strength (+3).
   It protects you from cold.
   It affects your resistance to hostile enchantments.
   It prevents most forms of teleportation.
Jewellery
 b - a ring of fire (right hand)
 n - a ring of resist corrosion (left hand)
Wands
 d - a wand of paralysis (26)
 x - a wand of digging (15)
 B - a wand of disintegration (15)
Scrolls
 a - a scroll of acquirement
 e - 3 scrolls of remove curse
 g - 9 scrolls of teleportation
 i - a scroll of immolation
 k - 3 scrolls of magic mapping
 t - a scroll of blinking
 u - 2 scrolls of fog
 E - a scroll of enchant weapon
 H - 3 scrolls of identify
Potions
 l - a potion of mutation
 m - 2 potions of flight
 v - 2 potions of lignification
 w - 4 potions of heal wounds
 z - 3 potions of agility
 A - a potion of curing
 G - a potion of ambrosia
Books
 q - a book of Misfortune

   Spells                             Type                      Level
   a - Confusing Touch                Hexes                        1
   b - Confuse                        Hexes                        3
   c - Gell's Gravitas                Translocation                3
   d - Petrify                        Transmutation/Earth          4
   e - Metabolic Englaciation         Hexes/Ice                    5
   f - Yara's Violent Unravelling     Hexes/Transmutation          5
   Trog disapproves of the use of such an item.
 F - a book of Frost

   Spells                             Type                      Level
   a - Freeze                         Ice                          1
   b - Throw Frost                    Conjuration/Ice              2
   c - Ozocubu's Armour               Charms/Ice                   3
   d - Throw Icicle                   Conjuration/Ice              4
   e - Summon Ice Beast               Ice/Summoning                4
   Trog disapproves of the use of such an item.
 J - a book of Maledictions

   Spells                             Type                      Level
   a - Corona                         Hexes                        1
   b - Ensorcelled Hibernation        Hexes/Ice                    2
   c - Confuse                        Hexes                        3
   d - Tukima's Dance                 Hexes                        3
   e - Dazzling Spray                 Conjuration/Hexes            3
   Trog disapproves of the use of such an item.
Comestibles
 c - 4 bread rations
 h - 4 fruits
 o - 4 meat rations
 p - 13 royal jellies
 I - 14 chunks of flesh


   Skills:
 + Level 10.4 Fighting
 - Level 16.0 Maces & Flails
 + Level 10.4 Armour
 - Level 10.0 Dodging
 + Level 2.0 Evocations


You had 11 spell levels left.
You didn't know any spells.

Dungeon Overview and Level Annotations

Branches:
Dungeon (11/15)            Temple (0/1) D:6            Lair (0/6) D:11
    Orc (0/2) D:9

Altars:
Ashenzari
Dithmenos
Fedhas
Okawaru
Xom
Yredelemnul
The Shining One

Shops:
D:5 }?


Innate Abilities, Weirdness & Mutations

You reflexively headbutt those who attack you in melee.
You have a pair of horns on your head.


Message History

You feel yourself moving faster!
You feel mighty!
You are feeling very hungry.
The white ugly thing tentacle-slaps you but does no damage.
You barely miss the white ugly thing. You headbutt the white ugly thing!
The white ugly thing is lightly wounded.
Your plate armour prevents you from hitting the white ugly thing.
The white ugly thing is lightly wounded.
You barely miss the white ugly thing. You headbutt the white ugly thing!!
The white ugly thing is heavily wounded.
The white ugly thing tentacle-slaps you.
The white ugly thing freezes you!!!
You feel a terrible chill!
* * * LOW HITPOINT WARNING * * *
You impale the white ugly thing!!
The white ugly thing is severely wounded.
You closely miss the white ugly thing.
The white ugly thing is severely wounded.
The white ugly thing tentacle-slaps you.
* * * LOW HITPOINT WARNING * * *
The white ugly thing freezes you!!!
You feel a terrible chill!
You die...

**,*,*,,,,,,,,,,*,,,,,,,,,,,
**,*,,**.........#,,,,,,,,,,,
**,***,,,*........#>,........,
*,** **,*##.......###.........
**,*##,*,*........##P♣........
###.#.###,#.......##(...P.....
#....,..###.#...#.#........>..
#.##.*#.##...#.#..#....%......
#.##.##.#...[@u......P........
###.##..........................
#...<...#.#.........#.)†........
#.#.###.#.##...#.#.#)..#......♣.
##.#.......###.......†#†##......P
.....†##.### ###...##((.#*##.....
...##.##.# #...###### *#..##
#..#)..#.# #...# *.## #........#
#...# **,#**


You could see a white ugly thing.

Vanquished Creatures
  A slime creature (D:10)
  The ghost of Thaneod the Cleaver, a novice MiGl of Trog (D:10)
  The ghost of asdu the Basher, a journeyman HaFi of Trog (Bailey)
  6 two-headed ogres
  An orc high priest (Bailey)
  3 orc knights
  Pikel (D:7)
  A cyclops (D:11)
  The ghost of Laiders the Changer, a novice DrTm of Ru (D:6)
  A kobold demonologist (Bailey)
  The ghost of Zeege the Chopper, an amateur NaWr (D:4)
  A troll (D:11)
  A hornet (D:11)
  A hippogriff (D:10)
  5 yaks (D:11)
  3 basilisks (D:11)
  2 hungry ghosts
  Eustachio (D:5)
  A water moccasin (D:6)
  4 porcupines (D:11)
  2 ice beasts
  11 orc warriors
  2 phantoms
  3 sky beasts
  4 ogres
  5 black bears
  10 centaurs
  A crocodile (D:9)
  Blork the orc (D:5)
  5 bullfrogs
  A wyvern zombie (D:7)
  A wyvern skeleton (D:9)
  A scorpion (D:7)
  A water moccasin skeleton (D:8)
  2 electric eels (Bailey)
  4 howler monkeys
  2 wights (D:8)
  6 crimson imps
  3 centaur zombies
  2 bullfrog zombies
  A quasit (D:9)
  5 hounds
  6 orc priests
  8 jellies
  4 bullfrog skeletons
  Natasha (thrice) (D:2)
  3 iguanas
  11 orc wizards
  11 worker ants
  6 gnolls
  12 adders
  3 shadow imps
  7 oozes
  2 adder zombies (D:8)
  3 worms
  A dart slug (D:1)
  3 leopard geckos
  32 orcs
  A ball python (D:5)
  7 bats
  7 giant cockroaches
  15 goblins
  19 hobgoblins
  17 jackals
  2 quokkas (D:2)
  4 frilled lizards
  A jackal skeleton (D:4)
  A jackal zombie (D:5)
  4 kobolds
  2 quokka skeletons
  6 rats
311 creatures vanquished.

Vanquished Creatures (collateral kills)
  The ghost of Inectha the Cleaver, a novice MiFi of the Shining One (D:7)
  An orc knight (Bailey)
  2 centaurs (D:11)
  2 wights (D:8)
  2 gnolls (Bailey)
  3 orcs
  A goblin (Bailey)
12 creatures vanquished.

Vanquished Creatures (others)
  3 slaves (D:7)
  A hound (D:7)
  A worker ant (D:7)
  A bush (D:11)
  4 fungi (D:11)
  13 plants (D:11)
23 creatures vanquished.

Grand Total: 346 creatures vanquished

Notes
Turn   | Place    | Note
-------+----------+-------------------------------------------
     0 | D:1      | Laiders the Minotaur Berserker began the quest for the Orb.
     0 | D:1      | Reached XP level 1. HP: 19/19 MP: 0/0
   121 | D:1      | Reached skill level 4 in Maces & Flails
   150 | D:1      | Reached XP level 2. HP: 26/26 MP: 1/1
   808 | D:1      | Reached skill level 5 in Maces & Flails
   876 | D:2      | Reached XP level 3. HP: 29/31 MP: 2/2
   906 | D:2      | Found a shadowy altar of Dithmenos.
   915 | D:2      | Noticed Natasha
   924 | D:2      | Killed Natasha
  1028 | D:2      | Reached ** piety under Trog
  1063 | D:2      | Reached XP level 4. HP: 38/39 MP: 3/3
  1070 | D:2      | Reached skill level 6 in Maces & Flails
  1268 | D:2      | Noticed Natasha
  1273 | D:2      | Killed Natasha
  1276 | D:2      | Noticed Natasha
  1281 | D:2      | Killed Natasha
  1285 | D:2      | Reached skill level 7 in Maces & Flails
  1285 | D:2      | Reached XP level 5. HP: 29/45 MP: 4/4
  1979 | D:3      | Reached *** piety under Trog
  2703 | D:4      | Reached skill level 8 in Maces & Flails
  2765 | D:4      | Noticed Zeege's ghost (amateur NaWr)
  2787 | D:4      | Reached XP level 6. HP: 21/51 MP: 5/5
  2791 | D:4      | Killed Zeege's ghost
  2791 | D:4      | Reached skill level 9 in Maces & Flails
  2901 | D:4      | Reached XP level 7. HP: 31/57 MP: 6/6
  2935 | D:4      | Reached skill level 10 in Maces & Flails
  3176 | D:4      | Found a glowing golden altar of the Shining One.
  3179 | D:4      | Noticed an angel
  3398 | D:4      | Found a basalt altar of Yredelemnul.
  3401 | D:4      | Noticed a profane servitor
  3606 | D:5      | Entered Level 5 of the Dungeon
  3654 | D:5      | Found Mogoe's Gadget Emporium.
  3715 | D:5      | Found Cyusuec's Magic Scroll Shop.
  3752 | D:5      | Bought a scroll of blinking for 97 gold pieces
  3752 | D:5      | Bought a scroll of fog for 26 gold pieces
  3825 | D:5      | Noticed Blork the orc
  3834 | D:5      | Killed Blork the orc
  3836 | D:5      | Reached skill level 11 in Maces & Flails
  4279 | D:5      | Noticed Eustachio
  4280 | D:5      | Reached **** piety under Trog
  4293 | D:5      | Killed Eustachio
  4293 | D:5      | Reached XP level 8. HP: 64/64 MP: 7/7
  4519 | D:6      | Reached skill level 12 in Maces & Flails
  4660 | D:6      | Noticed Laiders's ghost (novice DrTm)
  4688 | D:6      | Killed Laiders's ghost
  4961 | D:6      | Reached skill level 13 in Maces & Flails
  5409 | D:6      | Reached XP level 9. HP: 70/70 MP: 8/8
  5494 | D:6      | Found a staircase to the Ecumenical Temple.
  5656 | D:6      | Reached skill level 14 in Maces & Flails
  5881 | D:7      | Noticed Inectha's ghost (novice MiFi)
  5907 | D:7      | Killed Inectha's ghost
  6119 | D:7      | Reached skill level 15 in Maces & Flails
  6158 | D:7      | Noticed a two-headed ogre
  6373 | D:7      | Killed a two-headed ogre
  6373 | D:7      | Reached skill level 16 in Maces & Flails
  6515 | D:7      | Noticed Pikel
  6526 | D:7      | Killed Pikel
  6526 | D:7      | Reached XP level 10. HP: 78/78 MP: 9/9
  6733 | D:7      | Noticed a two-headed ogre
  6743 | D:7      | Killed a two-headed ogre
  6743 | D:7      | Reached skill level 5 in Fighting
  7222 | D:8      | Reached skill level 5 in Armour
  7339 | D:8      | Noticed a two-headed ogre
  7346 | D:8      | Killed a two-headed ogre
  7346 | D:8      | Reached skill level 5 in Dodging
  7453 | D:8      | You fall through a shaft!
  7739 | D:9      | Found a staircase to the Orcish Mines.
  7910 | D:9      | Found a blossoming altar of Fedhas.
  7915 | D:9      | Found an iron altar of Okawaru.
  7918 | D:9      | Found a shattered altar of Ashenzari.
  7938 | D:9      | Noticed a two-headed ogre
  7945 | D:9      | Killed a two-headed ogre
  8216 | D:9      | Reached XP level 11. HP: 92/92 MP: 10/10
  8229 | D:9      | Noticed a two-headed ogre
  8239 | D:9      | Killed a two-headed ogre
  8757 | D:8      | Found a shimmering altar of Xom.
  8770 | D:8      | Reached ***** piety under Trog
  9126 | D:10     | Entered Level 10 of the Dungeon
  9173 | D:10     | Found an iron altar of Okawaru.
  9174 | D:10     | Noticed Thaneod's ghost (novice MiGl)
  9205 | D:10     | Killed Thaneod's ghost
  9987 | D:11     | Noticed an orc knight
 10013 | D:11     | Killed an orc knight
 10082 | D:11     | Found a flagged portal.
 10214 | Bailey   | Entered a bailey
 10250 | Bailey   | Found an iron altar of Okawaru.
 10250 | Bailey   | Noticed an orc knight
 10250 | Bailey   | Noticed an orc high priest
 10254 | Bailey   | Noticed a sixfirhy
 10255 | Bailey   | Noticed a sun demon
 10259 | Bailey   | Killed an orc high priest
 10270 | Bailey   | Killed an orc knight
 10450 | Bailey   | Noticed an orc knight
 10464 | Bailey   | Killed an orc knight
 10520 | Bailey   | Got a bronze ring mail
 10534 | Bailey   | Identified the +2 ring mail of Calculation {-Tele rC+ MR+++ Str+3} (You found it in a bailey)
 10593 | Bailey   | Noticed asdu's ghost (journeyman HaFi)
 10605 | Bailey   | Killed asdu's ghost
 10605 | Bailey   | Reached skill level 10 in Fighting
 11168 | Bailey   | Noticed an orc knight
 11187 | Bailey   | Killed an orc knight
 11187 | Bailey   | Reached skill level 10 in Armour
 11187 | Bailey   | Reached XP level 12. HP: 98/106 MP: 11/11
 11461 | D:11     | Noticed a two-headed ogre
 11474 | D:11     | Killed a two-headed ogre
 11474 | D:11     | Reached skill level 10 in Dodging
 11489 | D:11     | Reached skill level 1 in Evocations
 11490 | D:11     | Found a staircase to the Lair.
 11622 | D:11     | Annihilated by a white ugly thing

Vault maps used:
D:1:      evilmike_arrival_run_for_it, minmay_quantized
D:2:      lemuel_round_altar, uniq_natasha
D:3:      first_bread
D:4:      grunt_temple_overflow_holy_war, serial_curves, eino_curves_01,
          eino_curves_03, hangedman_decor_growths
D:5:      serial_shops, nicolae_shop_crystal, shop, corexii_hall_statues_u,
          uniq_eustachio, uniq_blork_the_orc
D:6:      temple_green
D:7:      uniq_pikel
D:8:      lemuel_crystal_altar
D:9:      minmay_overflow_temple_star_quad, orc_0_dummy
D:10:     hangedman_little_slice_of_home, okawaru_trees_1
D:11:     minmay_lair_entry_grove, enter_bailey_2
Bailey:   bailey_axe_of_yendor_kennysheep, bailey

Skill      XL: |  1  2  3  4  5  6  7  8  9 10 11 12 |
---------------+-------------------------------------+-----
Maces & Flails | 4 5 7 8 9 11 13 16 | 16.0
Fighting       | 4 7 10 | 10.4
Armour         | 3 7 10 | 10.4
Dodging        | 6 9 10 | 10.0
Evocations     | 2 |  2.0

Action                   |  1- 3 |  4- 6 |  7- 9 | 10-12 || total
-------------------------+-------+-------+-------+-------++-------
Melee: Mace              |    57 |    97 |    20 |       ||   174
       Headbutt          |     8 |    10 |    37 |   109 ||   164
       Morningstar       |       |       |   212 |   108 ||   320
       Dire flail        |       |       |       |   394 ||   394
Invok: Berserk           |     1 |     2 |     7 |    12 ||    22
       Trog's Hand       |       |     1 |     6 |     6 ||    13
       Brothers in Arms  |       |       |     2 |     4 ||     6
Evoke: Wand              |       |       |       |     2 ||     2
  Use: Scroll            |       |     7 |     3 |    16 ||    26
       Potion            |       |     1 |     1 |       ||     2
  Eat: Chunk             |     1 |     8 |     9 |    31 ||    49
       Bread ration      |       |       |     2 |     1 ||     3
       Royal jelly       |       |       |     1 |       ||     1
Armor: Animal skin       |     4 |       |       |       ||     4
       Leather armour    |    21 |    35 |       |       ||    56
       Chain mail        |       |    18 |    64 |       ||    82
       Plate armour      |       |       |    49 |   213 ||   262
Dodge: Dodged            |    51 |   100 |    87 |   219 ||   457
       Deflected         |       |       |     1 |    13 ||    14

Table legend:
 A = Spawn XP
 B = Non-spawn XP
 C = Spawn XP percentage of total XP
 D = Spawn monster count
 E = Non-spawn monster count
 F = Spawn count percentage of total count
 G = Total turns spent on level
                    A         B        C        D         E        F      G
               +---------+---------+-------+---------+---------+-------+---------
         Total |       0 |   26652 |   0.0 |       0 |     323 |   0.0 | 11622
               +---------+---------+-------+---------+---------+-------+---------
           D:1 |       0 |      39 |   0.0 |       0 |      17 |   0.0 |   871
           D:2 |       0 |     197 |   0.0 |       0 |      34 |   0.0 |   761
           D:3 |       0 |      62 |   0.0 |       0 |      16 |   0.0 |   985
           D:4 |       0 |     632 |   0.0 |       0 |      16 |   0.0 |   989
           D:5 |       0 |     653 |   0.0 |       0 |      19 |   0.0 |   883
           D:6 |       0 |    1395 |   0.0 |       0 |      18 |   0.0 |  1494
           D:7 |       0 |    3687 |   0.0 |       0 |      26 |   0.0 |  1041
           D:8 |       0 |    2302 |   0.0 |       0 |      37 |   0.0 |   933
           D:9 |       0 |    3151 |   0.0 |       0 |      28 |   0.0 |  1169
          D:10 |       0 |    3524 |   0.0 |       0 |      32 |   0.0 |   845
          D:11 |       0 |    6306 |   0.0 |       0 |      38 |   0.0 |   501
        Bailey |       0 |    4704 |   0.0 |       0 |      42 |   0.0 |  1150
               +---------+---------+-------+---------+---------+-------+---------
